 Dungeon Sprint DCSS version 0.22.1-1-ga44c0e56f4 (webtiles) character file.

35470 MuseOD the Unseen (level 12, -11/70 HPs)
             Began as a Spriggan Enchanter on Sept 28, 2018.
             Was the Champion of Dithmenos.
             Mangled by a deep elf blademaster (13 damage)
             ... in the Dungeon (Sprint III: "The Ten Rune Challenge").
             The game lasted 00:11:14 (4400 turns).

MuseOD the Unseen (Spriggan Enchanter)              Turns: 4400, Time: 00:11:15

Health: -11/70     AC:  4    Str:  4    XL:     12   Next: 63%
Magic:  10/32      EV: 18    Int: 22    God:    Dithmenos [******]
Gold:   3724       SH:  0    Dex: 16    Spells: 32/41 levels left

rFire    . . .     SeeInvis +   a - +1 dagger
rCold    . . .     Gourm    .   (shield restricted)
rNeg     + . .     Faith    .   l - +2 robe {rN+}
rPois    .         Spirit   .   (helmet restricted)
rElec    .         Reflect  .   (no cloak)
rCorr    .         Harm     .   (gloves unavailable)
MR       ++...     NoTele   +   (boots unavailable)
Stlth    ++++++++++             (no amulet)
HPRegen  0.21/turn              c - ring of stealth
MPRegen  0.23/turn              (no ring)

@: flying, wreathed by umbra, very quick
A: very small, unfitting armour, see invisible, herbivore, speed 3, slow
metabolism 2
}: 1/10 runes: serpentine
a: Shadow Step, Shadow Form, Renounce Religion


You were in the Dungeon.
You worshipped Dithmenos.
Dithmenos was exalted by your worship.
You were near starving.

You visited 1 branch You collected 3724 gold pieces.

Inventory:

Hand Weapons
 a - a +1 dagger (weapon)
Armour
 b - a +0 robe
 l - a +2 robe of positive energy (worn)
 s - a +1 robe
Jewellery
 c - a ring of stealth (left hand)
Scrolls
 j - a scroll of blinking
 n - 2 scrolls of torment {unknown}
 o - 3 scrolls of identify
 p - 2 scrolls of remove curse
 q - a scroll of amnesia {unknown}
Potions
 e - a potion of curing
 f - 2 potions of heal wounds
 g - a potion of haste
 h - 2 potions of magic
 i - 2 potions of berserk rage
 k - 4 potions of flight
 m - 4 potions of mutation
 r - a potion of might
Comestibles
 d - 4 rations


   Skills:
 + Level 11.7 Fighting
 * Level 19.9 Short Blades
 - Level 3.0 Dodging
 + Level 20.0 Stealth
 + Level 15.4 Spellcasting
 + Level 15.6 Hexes


You had 32 spell levels left.
You knew the following spells:

 Your Spells              Type           Power        Failure   Level  Hunger
a - Corona                Hex            ######.      0%          1    None
b - Ensorcelled Hibernat  Hex/Ice        ######       1%          2    None
c - Confuse               Hex            ######..     0%          3    None
d - Dazzling Spray        Conj/Hex       ######       1%          3    None

Your spell library contained the following spells:

 Spells                   Type           Power        Failure   Level  Hunger
 Confusing Touch          Hex            ######       0%          1    None
 Tukima's Dance           Hex            ######..     0%          3    None
 Animate Skeleton         Necr           N/A          3%          1    None
 Apportation              Tloc           ###...       3%          1    None
 Summon Small Mammal      Summ           ###.         3%          1    None


Dungeon Overview and Level Annotations

Branches:
Dungeon (1/1)

Altars:
Dithmenos
Elyvilon
Kikubaaqudgha
Okawaru
Ru
Sif Muna
Trog
Uskayaw
Vehumet
Wu Jian
Yredelemnul
Zin
The Shining One
Beogh

Shops:
D ![:%


Innate Abilities, Weirdness & Mutations

You are very small and have problems with some larger weapons.
You are too small for most types of armour.
You have supernaturally acute eyesight. (SInv)
You are a herbivore.
You cover ground extremely quickly.
You need to consume almost no food.


Message History

The spray of energy misses the deep elf blademaster.
Your shadow mimicks your spell!
The shadow shard misses the deep elf blademaster.
The deep elf blademaster hits you!
You emit a cloud of dark smoke.
The deep elf blademaster hits you!
You emit a cloud of dark smoke.
Casting: Dazzling Spray (safe; 1% risk of failure)
Confirm with . or Enter, or press ? or * to list all spells.
Aiming: Dazzling Spray (safe; 1% risk of failure)
Press: ? - help, Shift-Dir - straight line, f/p - deep elf blademaster
Aim: a deep elf blademaster, wearing a shiny chain mail (umbra)
The spray of energy misses the deep elf blademaster.
The spray of energy hits the ghostly deep elf death mage.
The ghostly deep elf death mage is moderately damaged.
The ghostly deep elf death mage shouts!
Your shadow mimicks your spell!
The shadow shard hits the deep elf blademaster.
The deep elf blademaster hits you!!
* * * LOW HITPOINT WARNING * * *
The deep elf blademaster hits you!
You die...

▓▓▓▓ ▓▓▓
.#.###(############### #
.∩.##..'.#...##|...'....
......##.#..§##§§≈§##..#
....)..#.#..§§§§|[.§...
.......#[#)..##§≈§§##..#
##..####)'...##§@e.e§e..
#.#...#################
###################
§§'.#)'...'.#.#.#.+
§§#.#)#)..##.#.#.##
§§#.#(#...#.#.#.#.#
§§#..(#...##.#.#.##
▓▓▓▓▓▓▓▓▓▓#.#.#.#.#
....≈≈≈...##.#.#.##


You could see a deep elf blademaster and a ghostly deep elf death mage.

Vanquished Creatures
  Dowan (D)
  A nagaraja (D)
  A deep elf demonologist (D)
  A deep elf annihilator (D)
  A deep elf death mage (D)
  A hydra (D)
  A naga warrior (D)
  5 anacondas (D)
  Erica (D)
  A centaur warrior (D)
  Urug (D)
  A deep elf knight (D)
  A death drake (D)
  An unseen horror (D)
  A lindwurm (D)
  7 deep elf magi (D)
  An orc sorcerer (D)
  6 black mambas (D)
  A guardian serpent (D)
  Duvessa (D)
  2 spiny frogs (D)
  A komodo dragon (D)
  3 wandering mushrooms (D)
  2 tyrant leeches (D)
  3 redbacks (D)
  A shadow (D)
  2 nagas (D)
  5 water moccasins (D)
  2 orc warriors (D)
  A necrophage (D)
  2 centaurs (D)
  An earth elemental (D)
  A jelly (D)
  3 orc priests (D)
  2 orc wizards (D)
  Jessica (D)
  A wizard (D)
  A necromancer (D)
  3 humans (D)
  A kobold demonologist (D)
  A wolf (D)
  3 adders (D)
  2 oozes (D)
  10 orcs (D)
  A rat (D)
90 creatures vanquished.

Vanquished Creatures (others)
  2 draconian scorchers (D)
  A hydra (D)
  6 hellions (D)
  3 yaktaurs (D)
  An electric eel (D)
13 creatures vanquished.

Grand Total: 103 creatures vanquished

Notes
Turn   | Place    | Note
-------+----------+-------------------------------------------
     0 | D        | MuseOD the Spriggan Enchanter began the quest for the Orb.
     0 | D        | Reached XP level 1. HP: 9/9 MP: 5/5
     4 | D        | Reached skill level 1 in Fighting
     4 | D        | Reached skill level 5 in Stealth
    18 | D        | Reached XP level 2. HP: 7/14 MP: 6/6
    82 | D        | Killed a hellion
    83 | D        | Killed a hellion
    83 | D        | Killed a hellion
    84 | D        | Killed a yaktaur
    97 | D        | Killed a hellion
   143 | D        | Learned a level 2 spell: Ensorcelled Hibernation
   156 | D        | Killed a hellion
   162 | D        | Killed a white draconian scorcher
   177 | D        | Killed a hellion
   184 | D        | Noticed Jessica
   191 | D        | Killed Jessica
   191 | D        | Reached skill level 6 in Stealth
   191 | D        | Reached XP level 3. HP: 19/19 MP: 8/8
   220 | D        | Killed a white draconian scorcher
   221 | D        | Learned a level 3 spell: Confuse
   228 | D        | Reached skill level 5 in Short Blades
   228 | D        | Reached skill level 7 in Stealth
   395 | D        | Reached XP level 4. HP: 24/24 MP: 6/9
   439 | D        | Noticed a water elemental
   712 | D        | Found a glowing silver altar of Zin.
   713 | D        | Found a glowing golden altar of the Shining One.
   713 | D        | Found a white marble altar of Elyvilon.
   713 | D        | Noticed a deep elf mage
   715 | D        | Killed a deep elf mage
   715 | D        | Reached skill level 5 in Fighting
   715 | D        | Reached skill level 10 in Stealth
   715 | D        | Reached XP level 5. HP: 30/30 MP: 10/15
   715 | D        | Reached XP level 6. HP: 35/35 MP: 10/16
   720 | D        | Learned a level 3 spell: Dazzling Spray
   760 | D        | Found a basalt altar of Yredelemnul.
   760 | D        | Found a shadowy altar of Dithmenos.
   760 | D        | Found a sacrificial altar of Ru.
   762 | D        | Reached skill level 10 in Short Blades
   763 | D        | Reached skill level 11 in Stealth
   763 | D        | Reached XP level 7. HP: 39/39 MP: 18/18
   767 | D        | Became a worshipper of Dithmenos the Shadowed
   773 | D        | Found a hide-covered altar of Uskayaw.
   773 | D        | Found an iron altar of Okawaru.
   774 | D        | Found a roughly hewn altar of Beogh.
   774 | D        | Found a bloodstained altar of Trog.
   774 | D        | Found an ornate altar of the Wu Jian Council.
   774 | D        | Noticed a human
   774 | D        | Noticed a human
   776 | D        | Killed a human
   777 | D        | Killed a human
   850 | D        | Found a radiant altar of Vehumet.
   851 | D        | Found a deep blue altar of Sif Muna.
   851 | D        | Found an ancient bone altar of Kikubaaqudgha.
   852 | D        | Reached * piety under Dithmenos
   876 | D        | Noticed a shadow
   878 | D        | Killed a shadow
   878 | D        | Reached skill level 12 in Stealth
   878 | D        | Reached XP level 8. HP: 44/44 MP: 21/21
   889 | D        | Reached ** piety under Dithmenos
   916 | D        | Noticed Erica
   919 | D        | Killed Erica
   919 | D        | Reached skill level 13 in Stealth
   992 | D        | Noticed a centaur warrior
  1016 | D        | Killed a centaur warrior
  1016 | D        | Reached *** piety under Dithmenos
  1016 | D        | Reached skill level 14 in Stealth
  1016 | D        | Reached skill level 10 in Spellcasting
  1016 | D        | Reached skill level 10 in Hexes
  1016 | D        | Reached XP level 9. HP: 27/51 MP: 6/24
  1165 | D        | Noticed an unseen horror
  1167 | D        | Killed an unseen horror
  1174 | D        | Noticed Dowan
  1174 | D        | Noticed Duvessa
  1181 | D        | Killed Duvessa
  1190 | D        | Killed Dowan
  1190 | D        | Reached skill level 15 in Short Blades
  1190 | D        | Reached skill level 15 in Stealth
  1190 | D        | Reached XP level 10. HP: 11/57 MP: 19/26
  1478 | D        | Reached **** piety under Dithmenos
  1700 | D        | Noticed a spiny frog
  1700 | D        | Noticed a spiny frog
  1730 | D        | Killed a spiny frog
  1730 | D        | Reached skill level 16 in Stealth
  1741 | D        | Killed a spiny frog
  1741 | D        | Reached ***** piety under Dithmenos
  1981 | D        | Noticed a lindwurm
  1984 | D        | Killed a lindwurm
  2017 | D        | Noticed Urug
  2019 | D        | Killed Urug
  2019 | D        | Reached XP level 11. HP: 63/63 MP: 28/28
  2022 | D        | Noticed a six-headed hydra
  2022 | D        | Noticed a seven-headed hydra
  2034 | D        | Killed a seven-headed hydra
  2034 | D        | Reached ****** piety under Dithmenos
  2069 | D        | Killed a six-headed hydra
  2069 | D        | Reached skill level 17 in Stealth
  2096 | D        | Noticed a death drake
  2099 | D        | Killed a death drake
  2101 | D        | Noticed an anaconda
  2103 | D        | Killed an anaconda
  2108 | D        | Reached skill level 10 in Fighting
  2391 | D        | Noticed an anaconda
  2398 | D        | Killed an anaconda
  2404 | D        | Reached skill level 18 in Stealth
  2466 | D        | Noticed an anaconda
  2466 | D        | Noticed an anaconda
  2467 | D        | Noticed an anaconda
  2495 | D        | Killed an anaconda
  2504 | D        | Killed an anaconda
  2635 | D        | Killed an anaconda
  2774 | D        | Noticed a naga warrior
  2774 | D        | Noticed a nagaraja
  2775 | D        | Found Asut's Distillery.
  2775 | D        | Found Geruocig's Antique Armour Shoppe.
  2777 | D        | Found Cineimn's Book Boutique.
  2778 | D        | Killed a naga warrior
  2778 | D        | Reached XP level 12. HP: 64/69 MP: 26/31
  2779 | D        | Killed a nagaraja
  2779 | D        | Reached skill level 19 in Stealth
  2817 | D        | Got a serpentine rune of Zot
  2938 | D        | Found Wucs's Food Shoppe.
  3251 | D        | Reached skill level 15 in Hexes
  3256 | D        | Reached skill level 15 in Spellcasting
  3262 | D        | Noticed a deep elf annihilator
  3274 | D        | Noticed a deep elf blademaster
  3419 | D        | Noticed a deep elf death mage
  3421 | D        | Killed a deep elf annihilator
  3567 | D        | Noticed a deep elf death mage
  3567 | D        | Noticed a deep elf demonologist
  3577 | D        | Killed a deep elf death mage
  3580 | D        | Noticed a Tzitzimitl
  4174 | D        | Killed a deep elf death mage
  4393 | D        | Noticed an Ice Fiend
  4394 | D        | Killed a deep elf demonologist
  4394 | D        | Reached skill level 20 in Stealth
  4400 | D        | HP: 2/70 [deep elf blademaster (23)]
  4400 | D        | Mangled by a deep elf blademaster

Skill      XL: |  1  2  3  4  5  6  7  8  9 10 11 12 |
---------------+-------------------------------------+-----
Fighting       | 1 2 3 5 6 7 8 9 10 11 | 11.7
Short Blades   | 3 4 6 9 10 11 13 15 16 18 19 | 19.9
Stealth        | 5 6 7 10 11 12 14 15 16 18 20 | 20.0
Spellcasting   | 6 8 10 11 12 14 15 | 15.4
Hexes          | 7 8 10 11 12 14 15 | 15.6
Dodging        | |  3.0

Action                   |  1- 3 |  4- 6 |  7- 9 | 10-12 || total
-------------------------+-------+-------+-------+-------++-------
Melee: Dagger            |    20 |     4 |    24 |   105 ||   153
 Cast: Ensorcelled Hiber |     2 |       |     2 |    30 ||    34
       Confuse           |     1 |       |     7 |    34 ||    42
       Dazzling Spray    |       |       |     1 |    68 ||    69
Invok: Shadow Step       |       |       |       |     1 ||     1
  Use: Potion            |       |       |       |     1 ||     1
 Stab: Sleeping          |     4 |     3 |    10 |    38 ||    55
       Confused          |       |       |     6 |    17 ||    23
       Invisible         |       |       |       |     1 ||     1
Armor: Robe              |       |       |       |     5 ||     5
Dodge: Dodged            |    12 |     1 |    19 |    60 ||    92
